 Dungeon Crawl Stone Soup version 0.25-a0-544-gee0576305d (webtiles) character file.

Game seed: 14363520399721205553, levelgen mode: deterministic

32 Forecaster the Sneak (level 3, -1/28 HPs)
             Began as a Naga Wizard on Feb 20, 2020.
             Slain by a kobold
             ... wielding a +0 dagger
              (4 damage)
             ... on level 2 of the Dungeon.
             The game lasted 00:07:12 (1615 turns).

Forecaster the Sneak (Naga Wizard)                  Turns: 1615, Time: 00:07:13

Health: -1/28      AC:  2    Str:  9    XL:     3   Next: 25%
Magic:  2/7        EV:  9    Int: 22    God:
Gold:   67         SH:  0    Dex: 10    Spells: 3/8 levels left

rFire    . . .     SeeInvis +   e - +0 whip
rCold    . . .     Gourm    .   (no shield)
rNeg     + . .     Faith    .   n - +0 leather armour
rPois    +         Spirit   .   b - +0 hat
rElec    .         Reflect  .   (no cloak)
rCorr    .         Harm     .   (no gloves)
MR       .....                  (no barding)
Stlth    ++........             (no amulet)
HPRegen  0.09/turn              c - ring of positive energy
MPRegen  0.10/turn              f - +4 ring of intelligence

@: very slow
A: large, see invisible, deformed body, poison resistance, slowness 2, slow
metabolism 1, spit poison 1, AC +1
a: Spit Poison


You were on level 2 of the Dungeon.
You were hungry.

You visited 1 branch of the dungeon, and saw 2 of its levels.

You collected 67 gold pieces.

Inventory:

Hand Weapons
 e - a +0 whip (weapon)
 t - a +0 hunting sling
Missiles
 i - 12 poisoned darts (quivered)
Armour
 a - a +0 robe
 b - a +0 hat (worn)
 g - a +1 ring mail of positive energy
 m - a +0 robe
 n - a +0 leather armour (worn)
Jewellery
 c - a ring of positive energy (left hand)
 f - a +4 ring of intelligence (right hand)
Scrolls
 h - a scroll of random uselessness {unknown}
 k - 4 scrolls of identify {unknown}
 s - a scroll of blinking {unknown}
Potions
 j - a potion of ambrosia {unknown}
 l - a potion of curing {unknown}
 o - a potion of berserk rage {unknown}
 p - a potion of flight {unknown}
 q - a potion of stabbing {unknown}
 r - a potion of heal wounds {unknown}
 u - a potion of invisibility {unknown}
Comestibles
 d - 3 rations
 v - 6 chunks of flesh


   Skills:
 + Level 0.2 Fighting
 + Level 0.3 Maces & Flails
 + Level 0.3 Armour
 + Level 1.8 Dodging
 + Level 3.4 Stealth
 + Level 3.4 Spellcasting
 + Level 1.2 Conjurations
 + Level 1.1 Summonings
 + Level 1.0 Translocations


You had 3 spell levels left.
You knew the following spells:

 Your Spells              Type           Power        Failure   Level  Hunger
a - Magic Dart            Conj           #...         10%         1    None
b - Call Imp              Summ           #.......     16%         2    ##.....
c - Blink                 Tloc           N/A          16%         2    ##.....

Your spell library contained the following spells:

 Spells                   Type           Power        Failure   Level  Hunger
 Slow                     Hex            #.......     24%         2    ##.....
 Conjure Flame            Conj/Fire      #.......     36%         3    ###....
 Mephitic Cloud           Conj/Pois/Air  #.......     38%         3    ###....


Dungeon Overview and Level Annotations

Branches:
Dungeon (2/15)

Altars:


Innate Abilities, Weirdness & Mutations

You cannot wear boots.
Your serpentine skin is tough. (AC +1)
You have supernaturally acute eyesight. (SInv)
Armour fits poorly on your strangely shaped body.
Your system is resistant to poisons. (rPois)
You cover ground very slowly.
You have a slow metabolism.
You can spit poison.


Message History

Your crimson imp hits the adder.
The adder bites your crimson imp but does no damage.
Your crimson imp completely misses the adder.
The adder bites your crimson imp but does no damage.
Your crimson imp closely misses the adder.
Your crimson imp hits the adder.
The adder dies!
Casting: Call Imp (safe; 16% risk of failure)
Confirm with . or Enter, or press ? or * to list all spells.
A beastly little devil appears in a puff of flame.
The bat closely misses your crimson imp.
Your crimson imp hits the bat.
Your crimson imp closely misses the bat.
The bat hits your crimson imp but does no damage.
The bat misses something.
Your crimson imp blinks!
Your crimson imp blinks!
You barely miss the kobold.
Your crimson imp misses the kobold.
The kobold hits you with a +0 dagger.
You die...

#.........# #.##....# #.........#
#.##....# ######÷..## #.##....# #
.....'...# #.##...(# ..
######...# #.##÷...# ...
....##...####.##....#########..!.
....'..........'....'............
....#########.##÷5..#####........
....# #...@K....§5§........ ....#
#####.#######........ ##### #.#
#........ #.# #........ #### #.#
#...5.... .... #.# #######.. ....
### . .... ....


You could see a kobold and 2 friendly crimson imps.

Vanquished Creatures
  2 giant cockroaches (D:1)
  4 hobgoblins
  3 bats (D:1)
  4 frilled lizards
  2 goblins (D:1)
  2 kobolds
  4 rats
21 creatures vanquished.

Vanquished Creatures (collateral kills)
  An adder (D:2)
  A leopard gecko (D:1)
  A giant cockroach (D:1)
  3 hobgoblins (D:2)
  A quokka (D:2)
7 creatures vanquished.

Grand Total: 28 creatures vanquished

Notes
Turn   | Place    | Note
-------+----------+-------------------------------------------
     0 | D:1      | Forecaster the Naga Wizard began the quest for the Orb.
     0 | D:1      | Reached XP level 1. HP: 15/15 MP: 4/4
   612 | D:1      | Reached XP level 2. HP: 22/22 MP: 1/6
   616 | D:1      | Learned a level 2 spell: Call Imp
   619 | D:1      | Learned a level 2 spell: Blink
  1462 | D:2      | Reached XP level 3. HP: 12/28 MP: 3/7
  1615 | D:2      | Slain by a kobold

Levels and vault maps discovered:
D:1:      matt_arrival_debris, layout_basic
D:2:      layout_basic, lemuel_coloured_pillars_altar,
          lemuel_zombie_altar_kikubaaqudgha, first_ration

Action                   || total
-------------------------++-------
Melee: Unarmed           ||     8
       Whip              ||    58
 Cast: Magic Dart        ||    34
       Call Imp          ||    12
 Stab: Sleeping          ||     2
  Eat: Chunk             ||     1
Armor: Robe              ||     2
       Ring mail         ||    23
       Leather armour    ||     6
Dodge: Dodged            ||    38

Table legend:
 A = Non-vault XP
 B = Vault XP
 C = Vault XP percentage of total XP
 D = Non-vault monster count
 E = Vault monster count
 F = Vault count percentage of total count
                 A         B        C        D         E       F
            +---------+---------+-------+---------+---------+-------
      Total |      46 |       0 |   0.0 |      28 |       0 |   0.0
            +---------+---------+-------+---------+---------+-------
        D:1 |      28 |       0 |   0.0 |      19 |       0 |   0.0
        D:2 |      18 |       0 |   0.0 |       9 |       0 |   0.0
            +---------+---------+-------+---------+---------+-------
